Map: Catalyst LE

Players

Denver - Winner!

  • Race: Zerg Zerg
  • Spawn Location: 5:00

soul

  • Race: Terran Terran
  • Spawn Location: 11:00

Event: WCS Valencia 2018

VOD

Have the link to the VOD?

Description

Time

  • Played on: July 12, 2018, 11:26 a.m.
  • Length: 11:11

All games in this series

Show
View Real Time Build Order
Export as new Build Order

Denver Zerg - Winner!

Build Orders: Hatch First 

Get SALT Encoding   

  12  0:00  Drone  
  13  0:12  Overlord  
  13  0:17  Drone  
  14  0:31  Drone x2  
  14  0:35  Drone  
  17  0:52  Hatchery  
  17  0:55  Drone  
  17  0:58  Drone  
  18  1:08  Extractor  
  17  1:13  Spawning Pool  
  17  1:15  Drone  
  17  1:19  Drone  
  18  1:28  Drone  
  19  1:39  Overlord  
  19  1:50  Drone  
  20  1:59  Queen  
  20  2:00  Zergling x2  
  23  2:04  Queen  
  23  2:05  Zergling x2  
  26  2:10  Metabolic Boost  
  26  2:12  Drone  
  27  2:19  Drone  
  28  2:24  Drone  
  29  2:33  Hatchery  
  29  2:36  Drone  
  29  2:38  Drone  
  29  2:42  Drone  
  32  2:44  Drone  
  32  2:48  Overlord  
  32  2:55  Queen  
  32  2:58  Drone  
  35  3:00  Drone  
  36  3:07  Queen  
  36  3:10  Drone  
  36  3:11  Drone  
  40  3:14  Drone  
  40  3:17  Overlord  
  41  3:20  Drone  
  41  3:22  Drone  
  41  3:24  Drone  
  44  3:29  Overlord  
  44  3:35  Queen  
  44  3:37  Zergling x4  
  48  3:43  Zergling x4  
  48  3:45  Drone x2  
  52  3:52  Queen, Drone  
  53  3:59  Queen  
  53  4:00  Drone x2  
  56  4:07  Zergling x2  
  57  4:10  Overlord x2  
  57  4:15  Baneling Nest  
  56  4:20  Drone  
  56  4:22  Overlord  
  57  4:28  Zergling x4  
  57  4:29  Zergling x10  
  64  4:32  Drone  
  64  4:38  Evolution Chamber, Drone  
  63  4:40  Evolution Chamber  
  63  4:41  Drone  
  63  4:42  Spore Crawler, Drone x3  
  64  4:46  Drone x2  
  64  4:48  Drone  
  64  4:52  Spore Crawler, Drone  
  67  4:55  Drone  
  67  4:59  Drone x2  
  65  5:03  Drone x3  
  65  5:04  Drone  
  67  5:10  Overlord  
  67  5:13  Drone x3  
  70  5:20  Drone  
  70  5:21  Drone x5  
  71  5:26  Zerg Ground Armor Level 1  
  68  5:31  Zerg Melee Weapons Level 1  
  68  5:32  Lair  
  68  5:33  Drone  
  69  5:35  Drone  
  69  5:36  Drone  
  69  5:37  Drone  
  69  5:40  Spore Crawler  
  69  5:41  Drone x2  
  73  5:43  Drone x2  
  73  5:44  Drone  
  76  5:52  Hatchery  
  76  5:54  Drone x3  
  76  5:55  Drone  
  76  5:56  Drone  
  80  5:59  Overlord  
  80  6:00  Extractor  
  80  6:02  Overlord  
  80  6:03  Zergling x2  
  80  6:10  Overlord  
  80  6:11  Hatchery  
  79  6:13  Zergling x6  
  79  6:16  Overlord  
  82  6:18  Zergling x4  
  82  6:19  Zergling x2  
  82  6:21  Overlord  
  85  6:26  Zergling x10  
  85  6:27  Queen  
  85  6:29  Overlord  
  85  6:32  Overlord  
  92  6:33  Baneling x2  
  92  6:35  Baneling  
  92  6:36  Baneling x3  
  92  6:41  Extractor, Zergling x2  
  92  6:42  Zergling x12  
  98  6:50  Drone x5  
  98  6:51  Extractor  
  98  6:53  Extractor x2, Queen  
  101  6:56  Overlord  
  101  6:58  Centrifical Hooks  
  101  7:02  Zergling x6  
  101  7:08  Overlord  
  104  7:10  Drone  
  104  7:11  Zergling x6  
  107  7:17  Zergling x12, Hatchery  
  107  7:19  Overlord  
  108  7:25  Zergling x2  
  108  7:26  Zergling x8  
  111  7:30  Zergling x4  
  111  7:33  Burrow  
  111  7:36  Drone  
  113  7:38  Zergling x4  
  113  7:39  Zergling x4  
  113  7:40  Hydralisk Den  
  113  7:43  Zergling x10  
  121  7:45  Baneling x4  
  120  7:57  Zergling x4  
  120  7:58  Zergling x18  
  124  8:07  Zergling x2  
  124  8:08  Zergling x10  
  111  8:13  Zergling x14  
  112  8:24  Zerg Ground Armor Level 2, Zerg Melee Weapons Level 2  
  108  8:27  Zergling x8  
  108  8:36  Zergling x12  
  114  8:43  Grooved Spines  
  114  8:46  Overlord  
  114  8:49  Hydralisk x2  
  114  8:54  Hydralisk x2  
  122  9:02  Baneling x11  
  121  9:04  Zergling x10  
  126  9:10  Hydralisk x2  
  126  9:11  Hydralisk  
  128  9:18  Zergling x14  
  133  9:27  Hydralisk  
  133  9:28  Zergling x14  
  142  9:38  Zergling x18, Hydralisk  
  147  9:45  Zergling x2, Baneling x2  
  152  9:46  Zergling x12  
  154  9:54  Muscular Augments  
  147  10:02  Zergling x20, Hydralisk x3  
  147  10:05  Hydralisk  
  147  10:06  Hydralisk  
  153  10:15  Zergling x16  
  153  10:19  Drone x5  
  156  10:22  Drone x2  
  156  10:23  Baneling x2  
  156  10:24  Baneling  
  153  10:29  Drone x3  
  152  10:37  Zergling x8  
  152  10:39  Baneling x2  
  151  10:46  Hydralisk x4  
Show
View Real Time Build Order
Export as new Build Order

soul Terran 

Build Orders: Liberator Opening, Reaper Expand, MMM Bio 

Get SALT Encoding   

  12  0:00  SCV  
  13  0:12  SCV  
  14  0:17  Supply Depot  
  14  0:25  SCV  
  15  0:38  SCV  
  15  0:40  Barracks  
  16  0:44  Refinery  
  16  0:50  SCV  
  17  1:03  SCV  
  18  1:16  SCV  
  19  1:27  Reaper  
  19  1:28  Orbital Command  
  20  1:41  Command Center  
  20  1:51  Supply Depot  
  21  1:54  SCV  
  21  1:59  Marine  
  22  2:06  SCV  
  23  2:09  Factory  
  23  2:17  Refinery  
  23  2:18  SCV  
  23  2:21  Barracks Reactor  
  24  2:30  SCV  
  24  2:36  Bunker  
  25  2:42  SCV  
  26  2:53  Orbital Command  
  26  2:54  Starport, SCV  
  27  3:02  Hellion  
  27  3:03  Hellion  
  31  3:11  Barracks Tech Lab  
  31  3:16  Liberator, SCV  
  31  3:18  SCV  
  33  3:25  Hellion  
  35  3:28  Hellion, SCV  
  35  3:31  SCV  
  42  3:40  Supply Depot, SCV  
  42  3:43  SCV  
  42  3:47  Hellion  
  46  3:57  Stimpack  
  46  4:10  SCV x2  
  46  4:16  Supply Depot  
  46  4:22  SCV x2  
  46  4:23  Marine  
  49  4:25  Command Center  
  48  4:35  SCV x2  
  48  4:39  Factory Tech Lab  
  48  4:41  Marine  
  48  4:42  Barracks  
  48  4:45  Starport Reactor  
  49  4:47  SCV x2  
  49  4:49  Barracks  
  51  4:59  SCV x2  
  53  5:00  Siege Tank  
  53  5:05  Supply Depot  
  53  5:06  Supply Depot  
  56  5:11  SCV x2  
  55  5:14  Engineering Bay  
  55  5:16  Engineering Bay  
  55  5:19  Marine  
  52  5:23  SCV x2  
  52  5:27  Medivac x2  
  52  5:28  Marine  
  52  5:30  Marine  
  52  5:34  Refinery  
  52  5:35  SCV  
  55  5:38  Refinery  
  55  5:39  Barracks Reactor  
  55  5:40  SCV, Marine  
  57  5:46  Marine  
  57  5:47  SCV  
  57  5:48  Marine  
  57  5:49  Terran Infantry Armor Level 1, Terran Infantry Weapons Level 1  
  60  5:53  Orbital Command  
  60  5:58  Marine  
  61  6:04  Marine  
  61  6:05  Combat Shields  
  61  6:06  Marine  
  61  6:07  SCV x2  
  65  6:16  Marine x3  
  68  6:19  SCV x2  
  68  6:21  Orbital Command  
  68  6:22  Marine  
  68  6:24  Marine  
  72  6:29  Barracks  
  72  6:31  SCV  
  72  6:32  Barracks  
  73  6:34  SCV, Marine x3  
  73  6:35  Supply Depot  
  77  6:40  Marine  
  77  6:41  Supply Depot, Marine  
  77  6:44  SCV  
  80  6:51  Medivac x2, Marine  
  80  6:52  Marine x2  
  87  6:55  Siege Tank  
  87  6:56  SCV x3  
  87  6:57  Marine  
  87  7:00  Armory, Marine  
  95  7:03  Supply Depot  
  96  7:08  SCV x3  
  96  7:12  Supply Depot  
  97  7:20  SCV x3, Marine  
  97  7:21  Medivac  
  97  7:22  Supply Depot, Barracks Reactor  
  101  7:25  Supply Depot  
  100  7:30  Marine  
  100  7:32  SCV x3, Marine  
  100  7:35  Marine x2  
  107  7:40  Marine  
  108  7:44  SCV  
  108  7:45  SCV x2  
  108  7:47  Supply Depot  
  108  7:48  Marine  
  108  7:50  Marine  
  113  7:51  Medivac  
  113  7:52  Medivac  
  113  7:53  Marine x2  
  113  7:57  SCV  
  113  7:58  Marine  
  113  7:59  Marine x2  
  107  8:05  Orbital Command  
  107  8:06  Marine  
  107  8:08  Marine  
  107  8:11  SCV, Marine x2  
  86  8:12  Barracks Reactor  
  86  8:15  Marine  
  86  8:17  SCV, Marine x2  
  90  8:23  SCV  
  90  8:24  Marine  
  90  8:25  Marine  
  91  8:28  Marine  
  91  8:29  SCV, Marine  
  91  8:31  SCV  
  91  8:33  Marine  
  93  8:35  SCV, Marine x2  
  93  8:38  Liberator x2, Siege Tank  
  99  8:42  SCV, Marine  
  99  8:43  SCV, Marine  
  99  8:44  Terran Infantry Weapons Level 2  
  99  8:47  SCV  
  104  8:52  Terran Infantry Armor Level 2  
  104  8:54  SCV  
  105  8:58  Marine  
  105  8:59  Marine  
  105  9:01  Supply Depot, Marine x2  
  114  9:04  Marine x4  
  114  9:06  Marine  
  119  9:12  Siege Tank  
  119  9:16  Marine  
  121  9:17  Marine  
  121  9:18  Marine x2  
  121  9:22  Marine x3  
  128  9:26  Marine x2  
  128  9:28  Command Center  
  129  9:34  Marine  
  129  9:35  Marine  
  129  9:36  Marine x2  
  129  9:37  Factory  
  129  9:38  Medivac  
  133  9:40  Medivac, Marine  
  133  9:44  Siege Tank  
  141  9:47  Marine x3  
  141  10:02  Marine  
  141  10:05  Marine x8  
  138  10:08  Medivac  
  138  10:10  Medivac  
  134  10:16  Siege Tank  
  134  10:19  Marine  
  133  10:23  Marine x8  
  140  10:28  Factory Tech Lab, Refinery  
  140  10:29  Refinery  
  140  10:31  Barracks  
  140  10:32  Barracks  
  140  10:34  Barracks  
  136  10:37  Marine  
  136  10:41  Marine x8  
Tags
 
Add a new tag
Caveats
  • Supply blocks, unpowered buildings, or Contaminate may cause inaccurate times.
  • Supply counts are checked every 10 seconds.